 Dungeon Crawl Stone Soup version 0.18-b1-14-g029dad2 (webtiles) character file.

39 Alarkh the Poker (level 3, -4/27 HPs)
             Began as a Mummy Skald on Apr 30, 2016.
             Slain by Natasha (5 damage)
             ... on level 2 of the Dungeon.
             The game lasted 00:01:51 (1093 turns).

Alarkh the Poker (Mummy Skald)                      Turns: 1093, Time: 00:01:52

Health: -4/27      AC:  3    Str: 15    XL:     3   Next: 28%
Magic:  10/15      EV: 11    Int: 12    God:
Gold:   113        SH:  0    Dex: 11    Spells: 3 memorised, 1 level left

rFire  x . .     SeeInvis .     a - +0 spear
rCold  + . .     Gourm    .     b - +0 leather armour
rNeg   + + +     Faith    .     (no shield)
rPois  ∞         Spirit   .     (no helmet)
rElec  .         Dismiss  .     (no cloak)
rCorr  .         Reflect  .     (no gloves)
SustAt .         Harm     .     (no boots)
MR     .....                    (no amulet)
Stlth  +.........               (no ring)
                                e - ring of magical power

@: infused, slowed, very slow, not resistant to hostile enchantments, very
unstealthy
A: no food or potions, fire vulnerability, cold resistance 1, negative energy
resistance 3, torment resistance, unbreathing
a: no special abilities


You were on level 2 of the Dungeon.
You were not hungry.

You visited 1 branch of the dungeon, and saw 2 of its levels.

You collected 113 gold pieces.

Inventory:

Hand Weapons
 a - a +0 spear (weapon)
Armour
 b - a +0 leather armour (worn)
Jewellery
 e - a ring of magical power (left hand)
Wands
 i - a wand of slowing (13/48)
Scrolls
 d - 2 scrolls of recharging {unknown}
 f - a scroll of fear
 g - a scroll of remove curse
 h - a scroll of enchant weapon
Books
 c - a book of Battle

   Spells                             Type                      Level
   a - Infusion                       Charms                       1
   b - Shroud of Golubria             Charms/Translocation         2
   c - Song of Slaying                Charms                       2
   d - Spectral Weapon                Hexes/Charms                 3
   e - Regeneration                   Charms/Necromancy            3


   Skills:
 - Level 2.0 Fighting
 + Level 3.0 Polearms
 - Level 0.7 Armour
 - Level 0.7 Dodging
 - Level 2.0 Spellcasting
 - Level 2.4 Charms


You had one spell level left.
You knew the following spells:

 Your Spells              Type           Power        Failure   Level  Hunger
a - Infusion              Chrm           #...         14%         1    N/A
b - Song of Slaying       Chrm           #.......     21%         2    N/A
c - Shroud of Golubria    Chrm/Tloc      #.........   34%         2    N/A

Dungeon Overview and Level Annotations

Branches:
Dungeon (2/15)

Altars:
Ashenzari

Annotations:
D:2 Natasha


Innate Abilities, Weirdness & Mutations

You do not eat or drink.
Your flesh is vulnerable to fire.
You are immune to poison.
Your flesh is cold resistant.
You are immune to negative energy.
You are immune to unholy pain and torment.
You can survive without breathing.


Message History

Natasha stares at you and mumbles some strange words.
You feel yourself slow down. The shadow imp hits you. Natasha claws you.
The shadow imp hits you.
You hit Natasha.
Natasha is heavily wounded.
Natasha claws you. The shadow imp barely misses you.
You barely miss Natasha.
Natasha is heavily wounded.
Natasha claws you.
* * * LOW HITPOINT WARNING * * *
The shadow imp hits you.
* * * LOW HITPOINT WARNING * * *
Natasha casts a spell at you. You resist with some effort.
The shadow imp hits you.
* * * LOW HITPOINT WARNING * * *
You hit Natasha.
Natasha is severely wounded.
Natasha extends her claws.
Natasha claws you.
You die...

#.. ... ##+## ### ... #
#.# ##.# #.# #.#
#.###.#. #..
..#.###.##.###
###.###...........#.
........#.#.....##.#
#.#)....5.##...#####
#.#5h.....###.##
##.#@###.#.###.# #....#
#.....# #....# #.....##
##.#### ####...##
###..#⌠.##+##(⌠#....#
#....#..............# #
#.#####.......#####.# #
#.#.).........#.....####
#.#...+..._...+...#.....


You could see Natasha, a crimson imp and a shadow imp.

Vanquished Creatures
  An adder (D:2)
  A dart slug (D:1)
  3 giant cockroaches
  5 goblins
  3 hobgoblins
  3 jackals (D:1)
  A ball python (D:1)
  6 bats (D:1)
  A giant newt (D:2)
  A kobold (D:1)
  2 rats (D:2)
27 creatures vanquished.

Notes
Turn   | Place    | Note
--------------------------------------------------------------
     0 | D:1      | Alarkh the Mummy Skald began the quest for the Orb.
     0 | D:1      | Reached XP level 1. HP: 16/16 MP: 3/3
    49 | D:1      | Reached skill level 2 in Polearms
   103 | D:1      | Reached XP level 2. HP: 22/22 MP: 4/5
   185 | D:1      | Learned a level 2 spell: Song of Slaying
   188 | D:1      | Learned a level 2 spell: Shroud of Golubria
   835 | D:2      | Reached skill level 3 in Polearms
   835 | D:2      | Reached XP level 3. HP: 20/27 MP: 6/6
  1052 | D:2      | Found a shattered altar of Ashenzari.
  1079 | D:2      | Noticed Natasha
  1092 | D:2      | HP: 1/27 [shadow imp[Natasha] (3)]
  1093 | D:2      | Slain by Natasha

Skill      XL: |  1  2 |
---------------+-------+-----
Polearms       | 2 3 |  3.0
Fighting       | |  2.0
Armour         | |  0.7
Dodging        | |  0.7
Spellcasting   | |  2.0
Charms         | |  2.4

Action                   || total
-------------------------++-------
Melee: Spear             ||   113
 Cast: Infusion          ||    12
  Use: Scroll            ||     3
Armor: Leather armour    ||    32
Dodge: Dodged            ||    92
